 Dungeon Crawl Stone Soup version 0.24.0-123-gd5b16e6ec5 (webtiles) character file.

Game seed: 13268387031604132159, levelgen mode: deterministic

364 Peloso the Covered (level 6, -19/55 HPs)
             Began as a Minotaur Fighter on Dec 24, 2019.
             Was an Initiate of Okawaru.
             Demolished by an ogre
             ... wielding a +0 giant spiked club
              (22 damage)
             ... on level 4 of the Dungeon.
             The game lasted 00:04:35 (2625 turns).

Peloso the Covered (Minotaur Fighter)               Turns: 2625, Time: 00:04:35

Health: -19/55     AC:  8    Str: 21      XL:     6   Next: 39%
Magic:  5/5        EV:  8    Int:  4 (5)  God:    Okawaru [......]
Gold:   98         SH:  9    Dex:  9 (11) Spells: 5/5 levels left

rFire    . . .     SeeInvis .   a - +0 long sword
rCold    . . .     Gourm    .   c - +0 shield
rNeg     . . .     Faith    .   b - +0 scale mail
rPois    .         Spirit   .   (helmet restricted)
rElec    .         Reflect  .   p - +0 cloak
rCorr    .         Harm     .   (no gloves)
MR       .....                  (no boots)
Stlth    ..........             (no amulet)
HPRegen  0.18/turn              (no ring)
MPRegen  0.09/turn              (no ring)

@: no status effects
A: retaliatory headbutt, horns 2
a: Renounce Religion


You were on level 4 of the Dungeon.
You worshipped Okawaru.
Okawaru was noncommittal.
You were not hungry.

You visited 1 branch of the dungeon, and saw 4 of its levels.

You collected 98 gold pieces.

Inventory:

Hand Weapons
 a - a +0 long sword (weapon)
Armour
 b - a +0 scale mail (worn)
 c - a +0 shield (worn)
 p - a +0 cloak (worn)
Wands
 m - a wand of enslavement (3)
 o - a wand of acid (8)
Scrolls
 e - 6 scrolls of identify {unknown}
 g - 2 scrolls of remove curse {unknown}
 h - 3 scrolls of magic mapping {unknown}
 i - a scroll of blinking {unknown}
 k - a scroll of enchant armour {unknown}
 n - a scroll of fog {unknown}
 q - a scroll of enchant weapon {unknown}
Potions
 d - 2 potions of might
 j - a potion of resistance {unknown}
 l - a potion of curing
 r - 2 potions of berserk rage {unknown}
Comestibles
 f - 5 rations


   Skills:
 + Level 4.9 Fighting
 + Level 5.1 Long Blades
 + Level 5.3 Armour
 + Level 1.5 Dodging
 + Level 0.1 Stealth
 + Level 4.8 Shields


You had 5 spell levels left.
You didn't know any spells.
Your spell library was empty.

Dungeon Overview and Level Annotations

Branches:
Dungeon (4/15)
 Temple: D:4-7

Altars:
Fedhas
Okawaru
Qazlal


Innate Abilities, Weirdness & Mutations

You reflexively headbutt those who attack you in melee.
You have a pair of horns on your head.


Message History

Found 2 potions of lignification.
The ogre closely misses you.
You slash the ogre! You headbutt the ogre.
The ogre is heavily wounded.
The ogre hits you with a +0 giant spiked club!!
You hit the ogre.
The ogre is severely wounded.
The ogre hits you with a +0 giant spiked club!
* * * LOW HITPOINT WARNING * * *
You slash the ogre!
The ogre is almost dead.
The scorpion stings you but does no damage.
The ogre hits you with a +0 giant spiked club!
* * * LOW HITPOINT WARNING * * *
You completely miss the ogre.
The ogre is almost dead.
The scorpion stings you but does no damage.
Okay, then.
The ogre hits you with a +0 giant spiked club!!
You die...

#.......## #...###
##.....## ##...#
#....## #...## ##..##
##...# +.## +...# #
###
#############.##.#
.................###
......!..............
.......O@....########
.......s.....#
.............#
.............#
.............#
.........#####
.........# ....>....!
..........


You could see an ogre and a scorpion.

Vanquished Creatures
  Menkaure (D:4)
  A centaur skeleton (D:4)
  An iguana (D:4)
  Ijyb (D:3)
  Robin (D:2)
  3 gnolls (D:2)
  4 adders
  An ooze (D:1)
  2 dart slugs (D:1)
  3 leopard geckos
  2 orcs
  6 bats
  6 giant cockroaches
  9 goblins
  9 hobgoblins
  8 jackals
  5 kobolds
  4 quokkas
  A ball python (D:1)
  A frilled lizard (D:1)
  10 rats
79 creatures vanquished.

Notes
Turn   | Place    | Note
-------+----------+-------------------------------------------
     0 | D:1      | Peloso the Minotaur Fighter began the quest for the Orb.
     0 | D:1      | Reached XP level 1. HP: 19/19 MP: 0/0
     0 | D:1      | Noticed a draconian
     3 | D:1      | Noticed a spriggan
     3 | D:1      | Noticed a dwarf
     5 | D:1      | Noticed a naga
     6 | D:1      | Noticed a centaur
     7 | D:1      | Noticed a gargoyle
     8 | D:1      | Noticed a gargoyle
    12 | D:1      | Noticed an octopode
    12 | D:1      | Noticed a troll
    13 | D:1      | Noticed a gargoyle
    14 | D:1      | Noticed an octopode
    16 | D:1      | Noticed a minotaur
    20 | D:1      | Noticed a minotaur
    97 | D:1      | Reached XP level 2. HP: 17/27 MP: 1/1
   288 | D:1      | Reached XP level 3. HP: 33/33 MP: 2/2
   607 | D:2      | Reached XP level 4. HP: 16/41 MP: 3/3
   666 | D:2      | Noticed Robin
   886 | D:2      | Killed Robin
  1380 | D:2      | Reached XP level 5. HP: 40/47 MP: 4/4
  1464 | D:3      | Reached skill level 1 in Dodging
  1650 | D:3      | Found an iron altar of Okawaru.
  1651 | D:3      | Found a blossoming altar of Fedhas.
  1732 | D:3      | Noticed Ijyb
  1748 | D:3      | Killed Ijyb
  1820 | D:3      | Became a worshipper of Warmaster Okawaru
  1958 | D:3      | Found a stormy altar of Qazlal.
  2214 | D:4      | Noticed Menkaure
  2221 | D:4      | Killed Menkaure
  2221 | D:4      | Reached skill level 5 in Armour
  2221 | D:4      | Reached XP level 6. HP: 17/55 MP: 5/5
  2557 | D:4      | Reached skill level 5 in Long Blades
  2625 | D:4      | Demolished by an ogre

Levels and vault maps discovered:
D:1:      shiori_arrival_whats_in_store_for_you, layout_basic,
          serial_park_tiny_2
D:2:      layout_loops_ring, kennysheep_cross_bottleneck, uniq_robin
D:3:      layout_rooms, gammafunk_temple_overflow_pools, amethyst_killhole,
          grunt_qazlal_sundering, uniq_ijyb
D:4:      minmay_razor_zed, layout_basic, first_ration, uniq_menkaure,
          uniq_grinder

Skill      XL: |  1  2  3  4  5  6 |
---------------+-------------------+-----
Armour         | 4 5 |  5.3
Fighting       | 4 |  4.9
Shields        | 4 |  4.8
Long Blades    | 3 4 5 |  5.1
Dodging        | 1 |  1.5
Stealth        | |  0.1

Action                   |  1- 3 |  4- 6 || total
-------------------------+-------+-------++-------
Melee: Long sword        |    76 |   127 ||   203
       Headbutt          |    15 |    18 ||    33
  Use: Potion            |       |     4 ||     4
  Eat: Chunk             |       |     2 ||     2
       Ration            |       |     1 ||     1
Armor: Scale mail        |    56 |    65 ||   121
Dodge: Dodged            |    37 |    44 ||    81
Block: Shield            |    44 |    69 ||   113
       Rpst.: Long sword |     8 |    11 ||    19
